← All builds
Geo sea / Cortex / Economy first / OBSERVED BUILD

Standard geo sea

Cortex Geo sea build order · Supreme Isthmus

The role's default economy-first opening: bot lab then shipyard in the cove, early frigate and destroyer with a sub, taking geo on time before transitioning into a mixed navy for the rest of the game.

Usually shipyard in the cove (98%)

#naval #eco · 1767 distinct matches · 190 players · 80% of Cortex Geo sea games · team won 53% of 2066 · Recently observed

HOW TO PLAY IT

Key timing: Bot Lab by 1:12, Shipyard by 3:17

  1. Open 3 mex into wind, then drop Bot Lab in cove.
  2. Finish Bot Lab, keep teching mex and wind.
  3. Get Shipyard up and start pumping subs and frigates.
  4. Eat the Bot Lab for metal once you have T1 units defending.
  5. Push out submarine, frigate, destroyer to contest sea.
  6. Bring geothermal online and transition toward T2 constructor.

Phase by phase

TYPICAL OF ITS 1767 GAMES
  1. 1
  2. 2
  3. 3
  4. 4
PLAY THE OPENING

Follow the example game's first 6:00 step by step: what to build now, what comes next, and where it goes. At 1× it keeps pace with your own game.

  1. 1

    Up to the Bot Lab

    Economy
    • Metal Extractor3Mex
    • Wind Turbine3Wind
    • Wind Turbine1Windfor allies
    Order
    1. Bot LabBot Lab after 3 mex, 3 winddone ~1:13, middle half 1:07–1:25

    By 0:55 in all: 3 mex · 3 wind

    The example game in this phase · 5 steps
    1. Mex ×3
    2. Wind
    3. Wind ×2for Air
    4. Wind
    5. Bot LabBot Labdone 1:16 · typical 1:13
  2. 2

    Bot Lab to Shipyard

    Economy
    • Metal Extractor1Mex
    • Wind Turbine1Wind
    Order
    1. ShipyardShipyard after 4 mex, 5 wind, 1 energy storagedone ~3:18, middle half 3:02–3:36
    Builders
    • Construction Bot3 Con bot
    • Graverobber2 Graverobber
    Army
    • Grunt1 Grunt

    Some games also: con turret (46%) · trasher (39%) · energy storage (36%)

    By 2:52 in all: 4 mex · 5 wind · 1 energy storage

    The example game in this phase · 5 steps
    1. Wind
    2. Construction BotCon bot ×3
    3. GraverobberGraverobber ×2
    4. Mex
    5. ShipyardShipyarddone 3:07 · typical 3:18
  3. 3

    Shipyard to 5:00

    Economy
    • Metal Extractor4Mex
    Order
    1. Bot LabEat Bot Lab
    Builders
    • Construction Ship1 Con ship
    Army
    • Riptide2 Frigate
    • Orca1 Submarine
    Other
    • Radar Tower1 Radar Tower

    Some games also: missile corvette (49%) · wind (49%) · Guard (48%) · destroyer (44%) · gunboat (39%)

    By 5:00 in all: 8 mex · 6 wind · 1 energy storage · 1 con turret

    The example game in this phase · 27 steps
    1. Construction ShipCon ship
    2. GraverobberGraverobber
    3. GruntGrunt
    4. SupporterGunboat
    5. Mex ×2
    6. HerringMissile corvette
    7. Construction BotCon bot
    8. Mex
    9. SupporterGunboat
    10. Radar TowerRadar Tower
    11. Mex
    12. GuardGuard
    13. SupporterGunboat
    14. Con turret
    15. SupporterGunboat
    16. GruntGrunt
    17. GuardGuard
    18. SupporterGunboat
    19. GruntGruntfor Suicide front
    20. SupporterGunboat
    21. GruntGruntfor Suicide front
    22. SupporterGunboat
    23. GruntGrunt
    24. GuardGuard
    25. Mex
    26. SupporterGunboat
    27. GuardGuard
  4. 4

    5:00 to 10:00

    Economy
    • Metal Extractor2Mex
    • Wind Turbine8Wind
    • Energy Converter2Converter
    Order
    1. Geothermal PowerplantGeo after 9 mex, 9 wind, 2 converterin 53% of games
    Builders
    • Construction Turret1 Con turret
    • Death Cavalry2 Death Cavalry
    • Construction Ship1 Con ship
    Army
    • Guard1 Guard
    • Riptide5 Frigate
    Other
    • Naval Radar / Sonar Tower2 Naval Radar / Sonar Tower

    Some games also: Thistle (39%) · submarine (32%)

    By 10:00 in all: 10 mex · 15 wind · 1 geo · 4 converter · 1 energy storage · 2 con turret

    The example game in this phase · 151 steps
    1. OrcaSubmarinedone 5:50 · typical 4:17
    2. Mex
    3. Bot LabEat Bot Labreclaimed for its metal
    4. Con turret
    5. Wind
    6. RiptideFrigatedone 6:22 · typical 4:40
    7. Wind
    8. Mex
    9. Wind
    10. Mex
    11. Wind ×2
    12. GuardGuard
    13. Wind
    14. RiptideFrigate
    15. Wind ×4
    16. Energy storage
    17. Wind
    18. Mex
    19. Converter
    20. Wind
    21. Dragon's TeethDragon's Teeth ×2
    22. RiptideFrigate
    23. Dragon's TeethDragon's Teeth
    24. Converter
    25. Dragon's TeethDragon's Teeth ×2
    26. Wind
    27. Dragon's TeethDragon's Teeth
    28. RiptideFrigate
    29. Mex
    30. Wind
    31. Dragon's TeethDragon's Teeth ×2
    32. Wind
    33. Dragon's TeethDragon's Teeth
    34. RiptideFrigate
    35. Dragon's TeethDragon's Teeth
    36. Wind
    37. Dragon's TeethDragon's Teeth ×2
    38. Radar TowerRadar Tower
    39. Dragon's TeethDragon's Teeth
    40. OppressorDestroyerdone 8:39 · typical 5:54
    41. Wind
    42. Dragon's TeethDragon's Teeth ×2
    43. Wind ×2
    44. Dragon's TeethDragon's Teeth
    45. ThistleThistle
    46. Wind ×2
    47. Geothermal PowerplantGeodone 11:11 · typical 8:13
    48. Dragon's TeethDragon's Teeth ×2
    49. Wind ×2
    50. Advanced Metal ExtractorT2 mexdone 9:08 · typical 9:25
    51. Dragon's TeethDragon's Teeth
    52. Wind
    53. Dragon's TeethDragon's Teeth
    54. Wind ×2
    55. ThistleThistle
    56. Dragon's TeethDragon's Teeth
    57. Wind
    58. Dragon's TeethDragon's Teeth
    59. Wind
    60. RiptideFrigate
    61. HerringMissile corvette
    62. Construction ShipCon ship
    63. GuardGuard
    64. Dragon's TeethDragon's Teeth
    65. Wind
    66. Construction ShipCon ship
    67. Advanced Metal ExtractorT2 mex
    68. Dragon's TeethDragon's Teeth
    69. Wind
    70. Dragon's TeethDragon's Teeth
    71. GuardGuard
    72. Dragon's TeethDragon's Teeth ×3
    73. Construction ShipCon ship
    74. Dragon's TeethDragon's Teeth
    75. Wind
    76. Dragon's TeethDragon's Teeth ×2
    77. Naval Construction Turret
    78. Dragon's TeethDragon's Teeth
    79. Advanced Metal ExtractorT2 mex
    80. Dragon's TeethDragon's Teeth
    81. Wind
    82. GuardGuard
    83. Dragon's TeethDragon's Teeth ×2
    84. Advanced ShipyardAdvanced Shipyarddone 11:22
    85. Dragon's TeethDragon's Teeth ×2
    86. Wind
    87. Dragon's TeethDragon's Teeth
    88. ShipyardEat Shipyardreclaimed for its metal
    89. GuardGuard
    90. Wind
    91. Dragon's TeethDragon's Teeth ×2
    92. Naval Radar / Sonar TowerNaval Radar / Sonar Tower
    93. Wind
    94. Dragon's TeethDragon's Teeth
    95. Wind ×2
    96. Mex
    97. Advanced Metal ExtractorT2 mex
    98. Wind
    99. GuardGuard
    100. Wind ×2
    101. Mex
    102. Wind
    103. Converter
    104. Wind
    105. PathfinderPathfinder
    106. Wind
    107. Mex
    108. GuardGuard
    109. PathfinderPathfinder
    110. Wind
    111. PathfinderPathfinder
    112. Wind
    113. Advanced Construction SubAdvanced Construction Sub
    114. Construction ShipCon ship
    115. Wind
    116. GuardGuard
    117. Naval Construction Turret
    118. Bot LabBot Labdone 12:25
    119. Advanced Metal ExtractorT2 mex
    120. DespotBattleshipdone 13:32
    121. GruntGruntfor Suicide front
    122. Wind
    123. GruntGrunt ×5for Suicide front
    124. Naval Advanced Metal ExtractorNaval Advanced Metal Extractordone 13:31
    125. GruntGruntfor Suicide front
    126. GruntGrunt
    127. Wind
    128. GruntGruntfor Suicide front
    129. Advanced Metal ExtractorT2 mex
    130. GruntGruntfor Suicide front
    131. Naval Radar / Sonar TowerNaval Radar / Sonar Tower
    132. GruntGruntfor Suicide front
    133. Naval Advanced Metal ExtractorNaval Advanced Metal Extractor
    134. PhantasmRadar jammer ship
    135. GruntGrunt ×4for Suicide front
    136. MessengerCruise missile shipdone 14:20
    137. GruntGrunt ×6for Suicide front
    138. PathfinderPathfinder
    139. GruntGrunt ×2for Suicide front
    140. PathfinderPathfinder
    141. Con turret
    142. GruntGruntfor Suicide front
    143. GruntGrunt
    144. PathfinderPathfinder
    145. GruntGrunt ×2
    146. PathfinderPathfinder
    147. Advanced Geothermal PowerplantAdvanced Geothermal Powerplantnot finished by 15:00
    148. Naval Advanced Metal ExtractorNaval Advanced Metal Extractor
    149. PathfinderPathfinder
    150. Bot LabEat Bot Labreclaimed for its metal
    151. PathfinderPathfinder

Counts are medians over the build's games: half of them build more, half fewer. The example game is dzikiTygrys12's (32 OS, 29/09/2026); pick another.

Team trades

IN AT LEAST 30% OF ITS GAMES

You hand over

  • Wind Turbine2 Wind to Airfirst at 1:44 · in 72% of games

You get

  • Finch1 Finch from Airfirst at 1:52 · in 82% of games
  • Hercules1 Light transport from Airfirst at 1:59 · in 76% of games
  • Advanced Construction Bot1 T2 con bot from Techfirst at 7:44 · in 90% of games

How it plays out

Typical game of this build, running totals by minute

Metal produced

010k20k30k
0:005:0010:0015:00

metal

Enemy metal destroyed

05k10k
0:005:0010:0015:00

metal

Own metal lost

02.5k5k7.5k
0:005:0010:0015:00

metal

2066 games.

Show as table
ByMetal produced: This buildEnemy metal destroyed: This buildOwn metal lost: This build
1:0039800
2:0092900
3:00155700
4:002865051
5:00406614652
6:005414440232
7:006890905543
8:0085731547908
9:001040824581353
10:001253035282022
11:001507247082804
12:001801760503661
13:002121672254375
14:002477884365224
15:002858596396201
WHAT THE NUMBERS SAY

This is the role's own baseline, winning a bit over half its games with steady eco scaling and sea trades roughly matching losses.

  • + Team wins slightly over half of games played.
  • + Metal production scales from ~4k to ~29.5k by 15:00.
  • − Own metal lost climbs to 6875 by 15:00, matching kills closely.
  • − T2 factory only reached in 40% of games, limiting late power.
THE EXAMPLE YOU ARE READING

dzikiTygrys12

32.4 OS · 29/09/2026

Open source match ↗

4 received units · includes a constructor
62 metal received · 23730 energy received

Allied construction assistance is unknown. Timings are observations, not a promise of solo reproducibility.

Typical milestones

Bot Lab1:13Middle 50%: 1:07–1:25 · n=2039
Shipyard3:18Middle 50%: 3:02–3:36 · n=2057
Orca4:17Middle 50%: 3:52–5:00 · n=1397
Riptide4:40Middle 50%: 4:09–5:22 · n=2013
Oppressor5:54Middle 50%: 5:11–6:40 · n=1890
Geothermal Powerplant8:13Middle 50%: 7:13–9:26 · n=1343
Advanced Metal Extractor9:25Middle 50%: 8:48–10:21 · n=1801

Played most by

SHOGVN221games of this buildsirniho126games of this buildElpoloow118games of this buildOptimusprimenutt95games of this buildhihimik72games of this build